 Dungeon Crawl Stone Soup version 0.16.2-14-g7133f4a77c (webtiles) character file.

4161 faibistes the Thaumaturge (level 10, 0/50 HPs)
             Began as a Deep Elf Wizard on Sept 20, 2021.
             Was an Elder of Sif Muna.
             Shot with an arrow by a centaur (8 damage)
             ... on level 8 of the Dungeon on Sept 21, 2021.
             The game lasted 00:39:07 (11529 turns).

faibistes the Thaumaturge (Deep Elf Wizard)        Turns: 11529, Time: 00:39:07

Health: 0/50       AC:  5    Str:  7    XL:     10   Next: 7%
Magic:  7/31       EV: 14    Int: 27    God:    Sif Muna [****..]
Gold:   382        SH:  0    Dex: 13    Spells: 8 memorised, 9 levels left

rFire  . . .     SeeInvis .     L - staff of wizardry
rCold  . . .     Clarity  .     j - +0 robe (curse)
rNeg   + . .     SustAb   .     (no shield)
rPois  .         Gourm    .     b - +1 hat
rElec  .         Spirit   .     (no cloak)
rCorr  .         Warding  .     h - +1 pair of gloves
rMut   .         Stasis   .     (no boots)
MR     +....                    (no amulet)
Stlth  ++........               t - +3 ring of strength
                                F - ring of positive energy

@: somewhat resistant to hostile enchantments, unstealthy
A: mutation resistance 1
a: Channel Energy, Forget Spell, Renounce Religion


You were on level 8 of the Dungeon.
You worshipped Sif Muna.
Sif Muna was greatly pleased with you.
You were not hungry.

You visited 2 branches of the dungeon, and saw 10 of its levels.
You also visited: Sewer.

You collected 499 gold pieces.
You spent 117 gold pieces at shops.

Inventory:

Armour
 b - a +1 hat (worn)
 h - a +1 pair of gloves (worn)
 j - a cursed +0 robe (worn)
 z - a +2 robe of resistance
Magical staves
 K - an uncursed staff of poison
 L - an uncursed staff of wizardry (weapon)
Jewellery
 q - an uncursed ring of fire
 t - a +3 ring of strength (right hand)
 F - a ring of positive energy (left hand)
 I - an uncursed ring of invisibility {unknown}
Magical devices
 y - a wand of digging (0)
 B - a wand of frost (6)
 C - a wand of lightning (6)
 H - a wand of frost (17)
 N - a wand of digging (8)
Scrolls
 f - a scroll of amnesia
 n - 7 scrolls of teleportation
 E - a scroll of enchant armour
 J - 3 scrolls of identify
Potions
 a - 2 potions of mutation
 e - a potion of might {unknown}
 g - 2 potions of invisibility
 i - 5 potions of heal wounds
 k - 4 potions of flight
 l - 2 potions of agility
 o - a potion of lignification {unknown}
 r - a potion of brilliance {unknown}
 u - 3 potions of restore abilities
 v - 2 potions of cure mutation {unknown}
 x - 3 potions of resistance
 G - a potion of poison {unknown}
 M - a potion of magic {unknown}
Books
 c - a book of Minor Magic

   Spells                             Type                      Level
   a - Magic Dart                     Conjuration                  1
   b - Blink                          Translocation                2
   c - Call Imp                       Summoning                    2
   d - Repel Missiles                 Charms/Air                   2
   e - Slow                           Hexes                        2
   f - Conjure Flame                  Conjuration/Fire             3
   g - Mephitic Cloud                 Conjuration/Poison/Air       3
 A - a Grand Grimoire {highlevel}

   This book is beyond your current level of understanding.

   Spells                             Type                      Level
   a - Aura of Abjuration             Summoning                    6
   b - Summon Greater Demon           Summoning                    7
   c - Malign Gateway                 Summoning/Translocation      7
   d - Summon Horrible Things         Summoning                    8
 D - a book of Air

   Spells                             Type                      Level
   a - Shock                          Conjuration/Air              1
   b - Swiftness                      Charms/Air                   2
   c - Repel Missiles                 Charms/Air                   2
   d - Flight                         Charms/Air                   3
   e - Static Discharge               Conjuration/Air              3
   f - Lightning Bolt                 Conjuration/Air              5
Comestibles
 d - 4 bread rations
 m - 5 fruits
 p - 3 meat rations
 s - a royal jelly
 w - 3 beef jerkies
 P - a poisonous chunk of flesh


   Skills:
 - Level 5.4 Dodging
 - Level 2.4 Stealth
 * Level 10.2 Spellcasting
 + Level 7.1 Conjurations
 - Level 1.1 Summonings
 - Level 2.3 Translocations
 * Level 5.2 Fire Magic
 * Level 6.4 Air Magic
 - Level 3.5 Poison Magic
 * Level 4.4 Invocations


You had 9 spell levels left.
You knew the following spells:

 Your Spells              Type           Power        Failure   Level  Hunger
a - Magic Dart            Conj           ####         1%          1    None
b - Conjure Flame         Conj/Fire      #####...     1%          3    None
c - Call Imp              Summ           ###.....     1%          2    None
d - Blink                 Tloc           N/A          1%          2    None
e - Mephitic Cloud        Conj/Pois/Air  #####...     1%          3    None
f - Repel Missiles        Chrm/Air       ####..       1%          2    None
g - Swiftness             Chrm/Air       ####....     1%          2    None
v - Lightning Bolt        Conj/Air       ######....   4%          5    ####...


Dungeon Overview and Level Annotations

Branches:
Dungeon (9/15)             Temple (1/1) D:7
   Lair: D:8-11         Orc: D:9-12

Altars:
Ashenzari
Cheibriados
Elyvilon
Fedhas
Gozag
Kikubaaqudgha
Makhleb
Nemelex Xobeh
Okawaru
Qazlal
Ru
Sif Muna
Trog
Xom
Yredelemnul
Zin
The Shining One

Shops:
D:6 [   D:8 :

Annotations:
D:3 Grinder


Innate Abilities, Weirdness & Mutations

You are somewhat resistant to further mutation.


Message History

Aiming: Magic Dart
Press: ? - help, Shift-Dir - straight line, f/p - crimson imp
Aim: a crimson imp (lightly wounded)
The magic dart hits the crimson imp.
The crimson imp is severely wounded.
The centaur shouts!
The centaur wields a shortbow.
The centaur shoots an arrow.
The arrow closely misses you.
Casting: Magic Dart
Confirm with . or Enter, or press ? or * to list all spells.
Aiming: Magic Dart
Press: ? - help, Shift-Dir - straight line, f/p - crimson imp
Aim: a crimson imp (severely wounded)
The magic dart hits the crimson imp.
You kill the crimson imp!
The centaur shoots an arrow.
The arrow hits you.
The centaur shoots an arrow.
The arrow hits you!
* * * LOW HITPOINT WARNING * * *
The centaur shoots an arrow.
The arrow hits you!
You die...

### ##.##
#.#
#.####..#
#.#
#.......##
#.#
#######c.#
#.# #..##
#.# #...#
#.# #...#
#[# #...#
#.# #.@.#
#.# #.(>#
#.# #.#.#
#.# #.#.#
#.# ..#.#
#.# ####.#
#.# #.#
#.# #.#
#.# #.#
#.#


You could see a centaur.

Vanquished Creatures
  Pikel (D:8)
  An ugly thing (D:8)
  A komodo dragon (D:9)
  Eustachio (D:8)
  Edmund (D:4)
  2 ice beasts
  An orc warrior (D:6)
  2 slaves (D:8)
  A sky beast (D:8)
  2 phantoms (D:4)
  A centaur (D:8)
  3 ogres
  Sigmund (D:5)
  A necrophage (D:7)
  3 giant frogs
  7 killer bees (D:8)
  3 jellies
  A goliath beetle (D:6)
  2 crimson imps (D:8)
  2 hounds
  2 giant frog zombies
  A giant frog skeleton (D:7)
  A gnoll shaman (D:8)
  2 orc priests
  3 iguanas
  5 worker ants
  A centaur skeleton (D:4)
  6 orc wizards
  A hound zombie (D:8)
  A hound skeleton (D:6)
  4 gnolls (D:8)
  A worker ant zombie (D:8)
  A shadow imp (D:7)
  11 adders
  5 giant mites
  2 worms (D:2)
  An adder skeleton (D:5)
  2 oozes
  12 orcs
  A bat skeleton (D:7)
  11 goblins
  7 hobgoblins
  13 jackals
  4 quokkas
  2 ball pythons
  15 bats
  8 giant cockroaches
  6 giant geckos
  5 giant newts
  A jackal zombie (D:8)
  17 kobolds
  13 rats
202 creatures vanquished.

Vanquished Creatures (collateral kills)
  A killer bee (D:8)
  A quokka (D:1)
  A goblin (D:1)
3 creatures vanquished.

Vanquished Creatures (others)
  A slave (D:8)
  2 killer bees (D:8)
  A hobgoblin (D:8)
  A jackal (D:8)
  A giant spore (D:8)
  2 ballistomycetes (D:8)
8 creatures vanquished.

Grand Total: 213 creatures vanquished

Notes
Turn   | Place    | Note
--------------------------------------------------------------
     0 | D:1      | faibistes, the Deep Elf Wizard, began the quest for the Orb.
     0 | D:1      | Reached XP level 1. HP: 10/10 MP: 6/6
   316 | D:2      | Reached XP level 2. HP: 7/15 MP: 4/10
   320 | D:2      | Learned a level 2 spell: Blink
   323 | D:2      | Learned a level 2 spell: Call Imp
   885 | D:1      | Reached skill level 5 in Spellcasting
  1232 | D:2      | Reached XP level 3. HP: 17/19 MP: 10/14
  1392 | D:1      | Learned a level 3 spell: Conjure Flame
  1396 | D:1      | Learned a level 3 spell: Mephitic Cloud
  1558 | D:3      | Noticed Grinder
  2055 | D:2      | Found a shimmering altar of Xom.
  2180 | D:2      | Found a stormy altar of Qazlal.
  2414 | D:2      | Reached XP level 4. HP: 24/24 MP: 7/17
  2418 | D:2      | Learned a level 2 spell: Repel Missiles
  3484 | D:4      | Noticed a phantom
  3493 | D:4      | Killed a phantom
  3493 | D:4      | Reached skill level 6 in Spellcasting
  3493 | D:4      | Reached XP level 5. HP: 28/28 MP: 10/20
  3568 | D:5      | Entered Level 5 of the Dungeon
  3595 | D:6      | Noticed an orc warrior
  3637 | D:6      | Found Platt's Antique Armour Shop.
  3644 | D:6      | Bought a pair of runed gloves for 117 gold pieces
  3700 | D:6      | Killed an orc warrior
  3700 | D:6      | Reached XP level 6. HP: 32/32 MP: 0/22
  3784 | D:6      | Found a glowing drain.
  3805 | D:6      | Reached skill level 7 in Spellcasting
  3978 | Sewer    | Entered a sewer
  4766 | D:6      | Reached skill level 5 in Dodging
  4886 | D:5      | Found a deep blue altar of Sif Muna.
  4895 | D:5      | Became a worshipper of Sif Muna the Loreminder
  5041 | D:5      | Noticed Sigmund
  5183 | D:5      | Killed Sigmund
  5183 | D:5      | Reached XP level 7. HP: 24/36 MP: 9/25
  5311 | D:5      | Reached skill level 1 in Poison Magic
  5401 | D:5      | Reached skill level 1 in Air Magic
  5479 | D:5      | Noticed an ogre
  5490 | D:5      | Killed an ogre
  5527 | D:5      | Acquired Sif Muna's first power
  6026 | D:4      | Noticed Edmund
  6044 | D:4      | Killed Edmund
  6044 | D:4      | Reached skill level 5 in Conjurations
  6836 | D:4      | Reached skill level 8 in Spellcasting
  6959 | D:4      | Reached XP level 8. HP: 37/41 MP: 21/27
  7443 | D:5      | Found a blossoming altar of Fedhas.
  7851 | D:6      | Found an opulent altar of Gozag.
  8360 | D:7      | Acquired Sif Muna's second power
  8631 | D:7      | Found a staircase to the Ecumenical Temple.
  8727 | Temple   | Entered the Ecumenical Temple
  8899 | D:7      | Learned a level 2 spell: Swiftness
  9315 | D:8      | Noticed Eustachio
  9343 | D:8      | Killed Eustachio
  9343 | D:8      | Reached skill level 1 in Fire Magic
  9343 | D:8      | Reached skill level 1 in Invocations
  9534 | D:8      | Learned a level 5 spell: Lightning Bolt
  9812 | D:8      | Reached XP level 9. HP: 45/45 MP: 24/29
  9865 | D:8      | Reached skill level 5 in Air Magic
  9910 | D:8      | Found Thrakhadi's Book Boutique.
  9926 | D:8      | Noticed a red ugly thing
  9944 | D:8      | Killed a red ugly thing
  9944 | D:8      | Reached skill level 9 in Spellcasting
 10485 | D:9      | Found a sparkling altar of Nemelex Xobeh.
 10501 | D:8      | Noticed Pikel
 10510 | D:8      | Killed Pikel
 10510 | D:8      | Acquired Sif Muna's third power
 10752 | D:8      | HP: 1/45 [killer bee (8)]
 10767 | D:8      | Gained mutation: You are somewhat resistant to further mutation. [potion of mutation]
 11047 | D:8      | Noticed an ogre
 11065 | D:8      | Killed an ogre
 11111 | D:8      | Reached skill level 10 in Spellcasting
 11195 | D:8      | Reached skill level 5 in Fire Magic
 11328 | D:8      | Reached XP level 10. HP: 31/50 MP: 19/31
 11481 | D:9      | Noticed a komodo dragon
 11489 | D:9      | Killed a komodo dragon
 11529 | D:8      | Shot with an arrow by a centaur

Action                   |  1- 3 |  4- 6 |  7- 9 | 10-12 || total
-------------------------+-------+-------+-------+-------++-------
Melee: Unarmed           |       |     4 |    11 |       ||    15
       Staff             |       |       |    17 |       ||    17
 Cast: Magic Dart        |   112 |   159 |   282 |     3 ||   556
       Call Imp          |     2 |     1 |       |       ||     3
       Mephitic Cloud    |     1 |    17 |    27 |     2 ||    47
       Conjure Flame     |       |    13 |    41 |     3 ||    57
       Repel Missiles    |       |     1 |     1 |       ||     2
       Blink             |       |     7 |    13 |     3 ||    23
       Lightning Bolt    |       |       |     5 |     2 ||     7
Evoke: Wand              |       |       |     2 |       ||     2
  Use: Scroll            |       |     9 |     9 |       ||    18
       Potion            |       |     1 |     3 |       ||     4
 Stab: Confused          |       |     1 |       |       ||     1
  Eat: Chunk             |     4 |     9 |    17 |     1 ||    31
       Fruit             |       |       |     2 |       ||     2
